Map: Cyber Forest LE

Players

Mez

  • Race: Terran Terran
  • League: Master
  • Spawn Location: 11:00

TheBeast - Winner!

  • Race: Zerg Zerg
  • League: Master
  • Spawn Location: 5:00

VOD

Have the link to the VOD?

Description

Time

  • Played on: Aug. 6, 2019, 11:29 a.m.
  • Length: 17:57
Show
View Real Time Build Order
Export as new Build Order

Mez Terran 

Build Orders: Reaper Expand 

Get SALT Encoding   

  12  0:00  SCV  
  13  0:12  SCV  
  14  0:17  Supply Depot  
  14  0:25  SCV  
  15  0:38  SCV  
  15  0:41  Barracks  
  16  0:44  Refinery  
  16  0:50  SCV  
  17  1:02  SCV  
  18  1:15  SCV  
  19  1:28  Reaper, Orbital Command  
  20  1:44  Command Center  
  21  1:54  SCV  
  21  2:03  Barracks Reactor  
  21  2:07  Barracks  
  21  2:11  Barracks  
  21  2:15  Supply Depot  
  21  2:21  SCV  
  22  2:39  SCV  
  22  2:40  Marine x2  
  25  2:54  SCV  
  25  2:57  Orbital Command  
  25  2:58  Barracks Tech Lab  
  26  3:00  Marine x3  
  28  3:06  SCV  
  29  3:15  Marine  
  29  3:18  SCV, Marine x2  
  33  3:25  Marine, Combat Shield  
  34  3:28  SCV  
  34  3:30  SCV  
  34  3:31  Supply Depot  
  34  3:33  Marine  
  37  3:35  Marine  
  37  3:37  Marine  
  37  3:41  SCV  
  40  3:43  SCV  
  41  3:49  Marine  
  41  3:51  Marine  
  41  3:53  SCV  
  41  3:55  SCV, Supply Depot  
  45  4:00  Engineering Bay  
  45  4:03  Marine x2  
  45  4:05  SCV  
  45  4:07  SCV, Marine  
  45  4:09  Marine  
  51  4:17  SCV  
  51  4:19  SCV  
  51  4:21  Supply Depot  
  51  4:23  Marine x2  
  55  4:25  Marine  
  55  4:29  SCV  
  57  4:31  Terran Infantry Weapons Level 1  
  57  4:35  Marine  
  57  4:36  Supply Depot  
  58  4:41  Marine x2  
  60  4:46  SCV  
  60  4:47  SCV  
  60  4:50  Marine  
  62  4:53  Stimpack, Marine  
  62  4:56  Factory  
  62  4:57  Refinery, Command Center  
  62  4:58  Refinery  
  63  5:03  SCV x2  
  63  5:06  Marine x2  
  67  5:08  Marine  
  66  5:16  Marine  
  66  5:18  SCV x2  
  68  5:22  Barracks  
  68  5:23  Marine  
  68  5:27  Barracks  
  69  5:31  Supply Depot  
  69  5:33  SCV x2  
  71  5:36  Marine x2  
  71  5:38  Barracks Reactor  
  73  5:45  Starport  
  73  5:46  Factory Reactor  
  73  5:47  SCV x2  
  75  5:52  Refinery  
  75  5:57  Marine x3, Supply Depot  
  75  5:59  SCV x2  
  80  6:10  Barracks Reactor  
  80  6:11  SCV  
  80  6:12  SCV  
  80  6:15  Marine  
  80  6:16  Barracks Reactor  
  80  6:17  Marine x3  
  86  6:21  Marine  
  86  6:24  SCV x2  
  89  6:25  Terran Infantry Armor Level 1  
  89  6:27  Orbital Command  
  89  6:36  SCV x2, Supply Depot  
  91  6:40  Marine x5  
  91  6:41  Supply Depot  
  91  6:42  Medivac  
  91  6:43  Medivac  
  100  6:48  SCV x2  
  100  6:49  Marine x2  
  100  6:54  SCV  
  105  6:58  Marine  
  105  7:00  SCV x2, Supply Depot  
  108  7:02  Supply Depot  
  108  7:12  SCV x2  
  102  7:17  Medivac  
  102  7:18  Marine x8, Medivac  
  100  7:36  Marine x7  
  101  7:39  Marine x2  
  101  7:41  Barracks  
  101  7:42  Barracks  
  101  7:43  Barracks  
  93  7:47  Medivac  
  93  7:48  Medivac  
  93  7:49  SCV x2  
  99  7:52  Supply Depot  
  99  7:54  Command Center, SCV, Marine x6  
  106  8:00  Armory  
  106  8:01  Engineering Bay, SCV x2  
  106  8:04  Marine x3  
  110  8:11  Marine  
  110  8:12  Marine  
  97  8:22  Marine x7  
  104  8:28  Marine  
  104  8:29  Marine x2  
  105  8:39  SCV x3, Marine  
  105  8:40  Marine x2  
  111  8:44  Marine x2  
  115  8:51  SCV  
  115  8:52  SCV x2  
  115  8:53  Marine x2  
  121  8:56  Barracks Tech Lab  
  121  8:57  Barracks Reactor, Barracks Tech Lab  
  121  8:58  Marine x2  
  120  9:03  SCV  
  121  9:11  Marine  
  121  9:12  Terran Infantry Armor Level 2, Marine x4, Terran Infantry Weapons Level 2  
  121  9:16  SCV x2  
  128  9:17  SCV  
  125  9:38  Marine x13  
  130  9:49  Medivac x2  
  134  9:54  Supply Depot x2  
  134  9:55  Supply Depot  
  134  9:56  Marine x10  
  143  10:08  Marine  
  143  10:09  Marine x2  
  143  10:13  Marine  
  143  10:14  Marine x5  
  148  10:16  Marine  
  148  10:17  Marine x3  
  148  10:19  Medivac x2  
  160  10:26  Marine  
  160  10:27  Marine  
  162  10:28  Barracks  
  162  10:29  Barracks  
  162  10:34  Barracks  
  162  10:36  Barracks  
  160  10:42  Orbital Command  
  100  11:01  Marine  
  100  11:02  Marine x12  
  110  11:08  SCV  
  101  11:15  SCV  
  101  11:16  SCV  
  103  11:19  Marine x3  
  103  11:20  SCV, Marine x6  
  113  11:26  Marine x4  
  113  11:27  SCV  
  113  11:28  SCV  
  119  11:37  Marine x3  
  126  11:45  Marine  
  126  11:46  Marine x2  
  126  11:47  Marauder x2  
  131  11:48  Marine x2  
  131  11:50  SCV x3  
  131  11:53  Planetary Fortress  
  134  12:02  SCV x2  
  134  12:03  Terran Infantry Weapons Level 3  
  136  12:12  Marine x3  
  136  12:13  Marine x6  
  136  12:14  Marauder  
  147  12:34  Marine  
  147  12:35  Marine x13, Marauder x2  
  148  12:47  Marauder  
  109  12:52  Marine x3  
  109  12:53  Marine x9  
  109  12:56  SCV, Marauder  
  122  12:58  SCV x2  
  122  13:01  Marine  
  122  13:02  Marine x2  
  127  13:07  SCV  
  127  13:08  SCV  
  127  13:10  SCV x2  
  131  13:19  SCV  
  132  13:23  Marine x10  
  132  13:24  Marauder  
  132  13:25  Marauder  
  146  13:30  Marauder  
  146  13:32  Factory Reactor  
  148  13:34  Terran Infantry Armor Level 3  
  148  13:46  Marauder  
  137  13:49  Marine x15  
  137  13:51  Marine  
  152  14:06  Marine  
  152  14:07  Marine x8  
  152  14:08  Marine x6, Marauder  
  152  14:09  Marauder  
  170  14:15  Widow Mine x2  
  174  14:22  Factory  
  172  14:24  Marine  
  172  14:25  Marauder  
  168  14:37  Marine x6, Marauder x2  
  168  14:38  Marine x5  
  170  14:41  Widow Mine  
  170  14:42  Widow Mine  
  174  15:02  Widow Mine  
  174  15:03  Widow Mine  
  174  15:06  Marine  
  179  15:15  Marine  
  180  15:23  Supply Depot  
  180  15:24  Supply Depot  
  180  15:44  Marine x2  
  180  15:45  Widow Mine x2, Marine x8, Marauder  
  180  15:48  Marine x2  
  180  15:49  Marauder, Medivac  
  196  15:50  Marauder, Medivac  
  196  15:53  Marine x2  
  187  16:02  Marine x2  
  187  16:03  Marine x8  
  194  16:06  Marauder  
  194  16:07  Marine x2  
  194  16:11  Marine x2, Marauder  
  194  16:15  Marine  
  194  16:17  Orbital Command  
  196  16:20  Marine x2  
  196  16:23  Factory Tech Lab  
  196  16:27  Starport  
  194  16:35  Barracks Tech Lab x2  
  182  16:51  Marine, Marauder, Liberator  
  180  16:58  Marine x2  
  180  17:06  Supply Depot x2  
  180  17:08  Widow Mine, SCV, Marauder  
  187  17:23  Marauder  
  187  17:24  Widow Mine  
  187  17:25  Widow Mine  
  165  17:30  Widow Mine  
  165  17:31  Marine  
  165  17:32  Marine x10, Marauder  
  165  17:33  Marauder  
Show
View Real Time Build Order
Export as new Build Order

TheBeast Zerg - Winner!

Build Orders: Hatch First 

Get SALT Encoding   

  12  0:01  Drone  
  13  0:12  Overlord  
  13  0:17  Drone  
  14  0:30  Drone x2  
  16  0:36  Drone  
  17  0:52  Hatchery  
  17  0:56  Drone  
  17  0:59  Drone  
  18  1:09  Extractor  
  17  1:17  Spawning Pool  
  17  1:18  Drone  
  17  1:21  Drone  
  18  1:28  Drone  
  19  1:39  Overlord  
  19  1:50  Drone  
  20  2:04  Zergling x2, Queen  
  20  2:05  Zergling x2, Queen  
  26  2:10  Metabolic Boost  
  26  2:12  Drone  
  27  2:15  Drone  
  28  2:23  Drone  
  28  2:29  Drone  
  30  2:36  Extractor  
  29  2:38  Overlord, Drone  
  31  2:46  Overlord  
  31  2:47  Queen  
  33  2:53  Queen  
  33  2:56  Drone x2  
  37  3:01  Extractor  
  35  3:14  Hatchery  
  35  3:18  Drone  
  35  3:19  Drone x3  
  38  3:25  Queen  
  40  3:28  Drone  
  41  3:35  Drone x3  
  44  3:42  Drone x3  
  47  3:52  Overlord  
  47  3:53  Overlord  
  47  3:58  Overlord  
  47  4:07  Overlord  
  47  4:12  Drone x2  
  47  4:13  Drone x3  
  52  4:23  Drone  
  53  4:26  Queen  
  53  4:27  Drone x5  
  60  4:35  Baneling Nest  
  60  4:38  Zergling x8  
  61  4:40  Zergling x2  
  61  4:44  Zergling x2  
  64  4:51  Zergling x4  
  66  4:54  Zergling x2  
  66  4:56  Zergling x6  
  70  5:00  Zergling x2  
  70  5:05  Zergling x4  
  73  5:13  Zergling x4  
  70  5:18  Queen  
  70  5:20  Zergling x4  
  72  5:21  Lair  
  72  5:24  Drone  
  72  5:26  Evolution Chamber  
  72  5:27  Evolution Chamber  
  71  5:38  Hatchery  
  71  5:40  Drone x3  
  71  5:41  Baneling x2  
  71  5:42  Overlord x2, Baneling x4  
  73  5:43  Overlord  
  73  5:46  Extractor  
  73  5:47  Extractor  
  73  5:48  Extractor  
  70  5:55  Drone x3  
  73  6:00  Zerg Ground Armor Level 1  
  73  6:02  Drone x4  
  73  6:03  Drone x2  
  79  6:09  Drone x3, Extractor  
  81  6:19  Drone x4  
  81  6:20  Drone  
  81  6:23  Zerg Melee Weapons Level 1  
  81  6:24  Drone  
  87  6:31  Extractor  
  86  6:35  Centrifical Hooks  
  86  6:36  Drone  
  86  6:37  Drone x3  
  86  6:39  Drone x3  
  93  6:49  Zergling x12  
  93  6:50  Baneling  
  93  6:51  Baneling x10  
  99  6:54  Overlord  
  99  7:06  Zergling x6  
  100  7:12  Zergling x18  
  102  7:18  Zergling x2  
  102  7:19  Zergling x2  
  101  7:29  Zergling x8  
  85  7:30  Zergling x8  
  73  7:38  Drone x6  
  76  7:46  Drone x4  
  76  7:47  Queen  
  82  7:54  Zerg Ground Armor Level 2, Hatchery  
  82  7:56  Drone x6  
  87  8:03  Baneling x2  
  87  8:06  Drone x4  
  87  8:07  Drone x2  
  93  8:13  Drone  
  93  8:19  Zergling x14  
  98  8:20  Zergling x4  
  98  8:24  Zergling x8  
  98  8:25  Queen  
  102  8:30  Baneling x2  
  102  8:31  Baneling x7  
  102  8:36  Zerg Melee Weapons Level 2  
  102  8:39  Zergling x4  
  104  8:44  Hatchery  
  104  8:46  Overlord  
  102  8:52  Overlord  
  102  8:55  Overlord  
  102  9:04  Zergling x8  
  102  9:05  Overlord  
  106  9:11  Overlord  
  106  9:18  Overlord  
  106  9:20  Zergling x2  
  106  9:21  Zergling x28  
  106  9:22  Hydralisk Den, Queen  
  106  9:23  Queen  
  123  9:32  Zergling x2  
  123  9:33  Zergling x6  
  123  9:36  Baneling x4  
  126  9:40  Zergling x14  
  123  9:47  Pneumatized Carapace  
  123  9:52  Drone x6  
  129  9:56  Overlord  
  128  10:00  Overlord  
  128  10:02  Zergling x6  
  131  10:10  Grooved Spines, Infestation Pit  
  131  10:12  Zergling x2  
  131  10:13  Zergling x8  
  135  10:16  Baneling x2  
  135  10:17  Baneling x6  
  135  10:18  Overseer x2  
  134  10:48  Zergling x36  
  125  11:01  Drone x2  
  125  11:02  Drone x4  
  125  11:04  Zerg Missile Weapons Level 1  
  130  11:05  Hive  
  124  11:21  Muscular Augments  
  124  11:24  Overlord  
  124  11:26  Hydralisk  
  124  11:27  Hydralisk x11  
  148  11:34  Baneling x7  
  148  11:35  Baneling  
  148  11:38  Baneling  
  148  11:39  Baneling x5  
  148  11:41  Zergling x6  
  148  11:42  Zergling x2  
  148  11:43  Zergling x4  
  154  11:56  Hydralisk  
  156  12:02  Hatchery  
  156  12:04  Queen  
  156  12:08  Zergling x12  
  158  12:09  Zergling x2  
  164  12:18  Baneling x8  
  164  12:19  Baneling x7  
  156  12:33  Overlord, Hydralisk x2  
  156  12:34  Hydralisk x2  
  144  12:44  Zergling x2  
  144  12:45  Zergling x26  
  144  12:48  Zergling x4  
  133  12:55  Zerg Ground Armor Level 3  
  131  12:59  Zergling x4  
  131  13:00  Zergling x4  
  135  13:07  Zergling x12  
  135  13:08  Zergling x2  
  135  13:11  Baneling x6  
  142  13:21  Baneling x9  
  142  13:22  Baneling x7  
  142  13:25  Zergling x6  
  145  13:35  Drone x5  
  145  13:37  Zerg Melee Weapons Level 3  
  150  13:48  Zergling x14  
  141  13:53  Ultralisk Cavern  
  145  14:00  Zergling x2  
  145  14:01  Zergling x14  
  150  14:08  Zergling x14  
  153  14:23  Drone x5  
  147  14:39  Zergling x12  
  147  14:40  Zergling x10  
  147  14:41  Chitinous Plating  
  158  14:53  Overlord  
  158  15:06  Ultralisk x3  
  176  15:10  Overseer x4  
  176  15:16  Overseer x2  
  176  15:22  Ultralisk  
  176  15:25  Ultralisk  
  188  15:35  Ultralisk  
  193  15:49  Ultralisk  
  198  15:51  Zergling x4  
  198  15:53  Baneling x11  
  198  16:00  Anabolic Synthesis  
  198  16:01  Zergling x2  
  199  16:10  Zergling x18  
  187  16:18  Zergling x8  
  187  16:19  Zergling x4  
  188  16:27  Overlord x2  
  188  16:32  Overlord  
  188  16:34  Overlord x2, Hatchery  
  187  16:44  Overlord x3  
  178  16:56  Zergling x2  
  178  16:57  Zergling x22  
  190  17:08  Zergling x10  
  194  17:12  Baneling  
  194  17:13  Baneling x21  
  194  17:14  Zergling x8  
  199  17:19  Baneling x5  
  199  17:20  Baneling x2  
  199  17:21  Zergling x2  
  180  17:31  Zergling x20  
  180  17:32  Zergling x2  
  149  17:37  Zergling x2  
  149  17:38  Zergling x4  
Tags
 
Add a new tag
Caveats
  • Supply blocks, unpowered buildings, or Contaminate may cause inaccurate times.
  • Supply counts are checked every 10 seconds.